 Dungeon Crawl Stone Soup version 0.24.0-13-gcf9b3192b9 (webtiles) character file.

Game seed: 1315682189982423815, levelgen mode: deterministic

286 Matador8 the Vexing (level 6, -4/28 HPs)
             Began as a Vampire Enchanter on Nov 6, 2019.
             Was a Follower of Nemelex Xobeh.
             Slain by a crocodile (14 damage)
             ... in a sewer.
             The game lasted 00:16:09 (2942 turns).

Matador8 the Vexing (Vampire Enchanter)             Turns: 2942, Time: 00:16:09

Health: -4/28      AC:  4    Str:  8    XL:     6   Next: 8%
Magic:  1/11       EV: 13    Int: 18    God:    Nemelex Xobeh [*.....]
Gold:   131        SH:  0    Dex: 15    Spells: 2/12 levels left

rFire    . . .     SeeInvis +   i - +2 dagger (venom)
rCold    + + .     Gourm    .   (no shield)
rNeg     + + +     Faith    .   b - +0 robe
rPois    ∞         Spirit   .   q - +0 helmet
rElec    .         Reflect  .   (no cloak)
rCorr    .         Harm     .   n - +0 pair of gloves
MR       .....                  (no boots)
Stlth    +++++.....             (no amulet)
HPRegen  0.00/turn              (no ring)
MPRegen  0.12/turn              (no ring)

@: very slightly contaminated, bloodless, regenerating quickly
A: no food, fangs 3, see invisible, [frail 1], unbreathing
a: Bat Form, Revivify, Draw Escape, Draw Destruction, Draw Summoning, Renounce
Religion


You were in a sewer.
You worshipped Nemelex Xobeh.
Nemelex Xobeh was aware of your devotion.
You were bloodless.

You visited 1 branch of the dungeon, and saw 4 of its levels.
You also visited: Sewer.

You collected 131 gold pieces.

Inventory:

Hand Weapons
 a - a +1 dagger
 h - a +0 antimagic dagger
 i - a +2 dagger of venom (weapon)
Missiles
 r - 20 poisoned darts (quivered)
Armour
 b - a +0 robe (worn)
 g - a +0 leather armour
 n - a +0 pair of gloves (worn)
 q - a +0 helmet (worn)
Magical Staves
 v - an uncursed staff of poison {unknown}
 w - an uncursed staff of air {unknown}
Scrolls
 d - a scroll of amnesia {unknown}
 e - 6 scrolls of identify {unknown}
 j - 2 scrolls of enchant armour {unknown}
 k - 3 scrolls of teleportation {unknown}
 m - 2 scrolls of fear {unknown}
 o - a scroll of blinking {unknown}
 u - a scroll of remove curse {unknown}
Potions
 c - a potion of might
 f - a potion of degeneration {unknown}
 l - a potion of brilliance {unknown}
 p - a potion of ambrosia {unknown}
 s - a potion of curing {unknown}
 t - a potion of resistance {unknown}


   Skills:
 - Level 3.0 Short Blades
 - Level 2.1 Dodging
 - Level 4.4 Stealth
 - Level 3.9 Spellcasting
 * Level 2.0 Conjurations
 - Level 5.1 Hexes
 + Level 1.4 Invocations


You had 2 spell levels left.
You knew the following spells:

 Your Spells              Type           Power        Failure   Level  Hunger
a - Corona                Hex            ###....      1%          1    N/A
b - Confuse               Hex            ###.....     5%          3    N/A
c - Tukima's Dance        Hex            ###.....     5%          3    N/A
d - Dazzling Spray        Conj/Hex       ###...       11%         3    N/A

Your spell library contained the following spells:

 Spells                   Type           Power        Failure   Level  Hunger
 Ensorcelled Hibernation  Hex/Ice        ##....       8%          2    N/A

Dungeon Overview and Level Annotations

Branches:
Dungeon (4/15)              Sewer (1/1)
 Temple: D:4-7

Altars:
Gozag
Hepliaklqana
Nemelex Xobeh


Innate Abilities, Weirdness & Mutations

You do not eat.
You do not regenerate when monsters are visible.
You are frail without blood (-20% HP).
You can heal yourself when you bite living creatures.
You are immune to poison.
You have razor-sharp teeth.
You have supernaturally acute eyesight. (SInv)
You can survive without breathing.
[You are frail. (-10% HP)]


Message History

The crocodile is lightly wounded.
The crocodile closely misses you.
You hit the crocodile but do no damage.
The crocodile is poisoned.
The crocodile is lightly wounded.
The crocodile bites you.
You can't go up here!
Unknown command.
Casting: Confuse (safe; 5% risk of failure)
Confirm with . or Enter, or press ? or * to list all spells.
Aiming: Confuse (safe; 5% risk of failure)
Press: ? - help, Shift-Dir - straight line, f/p - crocodile
Aim: a crocodile (lightly wounded, poisoned, chance to defeat MR: 50%)
You miscast Confuse.
You are very lightly contaminated with residual magic.
Your skin tingles.
The crocodile bites you!
You see here a bat corpse.
The crocodile looks more healthy.
The crocodile bites you!
Ouch! That really hurt!
You die...
Your body disappears without a glow.

#. #.# #.# #.#
####### #.#
##.....## #.#
##...≈...##
#.#######...≈≈≈...##
#..........≈≈≈≈≈@∩.#
#.#######...≈≈≈t..##
#.# ##..†≈...## #.#
##..†..## #.###
####### ....##
.....# .....# .....#


You could see a crocodile.

Vanquished Creatures
  2 hounds (D:4)
  An orc priest (D:3)
  2 worker ants (D:4)
  4 adders
  A river rat (D:4)
  2 oozes
  2 dart slugs
  2 leopard geckos (D:1)
  4 orcs (D:3)
  12 bats
  9 giant cockroaches
  9 goblins
  8 hobgoblins
  3 jackals (D:3)
  7 kobolds
  3 ball pythons
  7 frilled lizards
  11 rats
89 creatures vanquished.

Vanquished Creatures (others)
  A dancing weapon (D:3)
1 creature vanquished.

Grand Total: 90 creatures vanquished

Notes
Turn   | Place    | Note
-------+----------+-------------------------------------------
     0 | D:1      | Matador8 the Vampire Enchanter began the quest for the Orb.
     0 | D:1      | Reached XP level 1. HP: 13/13 MP: 3/3
    71 | D:1      | Reached XP level 2. HP: 18/19 MP: 0/5
   470 | D:1      | Reached skill level 5 in Hexes
   497 | D:1      | Reached XP level 3. HP: 19/24 MP: 4/6
   567 | D:1      | Learned a level 3 spell: Confuse
  1028 | D:2      | Reached XP level 4. HP: 24/24 MP: 8/8
  1033 | D:2      | Learned a level 3 spell: Tukima's Dance
  1343 | D:2      | Found a sparkling altar of Nemelex Xobeh.
  1348 | D:2      | Became a worshipper of Nemelex Xobeh the Trickster
  1357 | D:2      | Received a gift from Nemelex Xobeh
  1883 | D:3      | Found a hazy altar of Hepliaklqana.
  1920 | D:3      | Reached XP level 5. HP: 24/28 MP: 1/10
  1925 | D:3      | Learned a level 3 spell: Dazzling Spray
  2073 | D:3      | Reached * piety under Nemelex Xobeh
  2367 | D:4      | Found an opulent altar of Gozag.
  2525 | D:4      | Reached skill level 1 in Conjurations
  2547 | D:4      | Reached skill level 1 in Invocations
  2668 | D:4      | Received a gift from Nemelex Xobeh
  2670 | D:4      | Found a glowing drain.
  2674 | D:4      | Reached XP level 6. HP: 32/32 MP: 11/11
  2730 | Sewer    | Entered a sewer
  2942 | Sewer    | Slain by a crocodile

Levels and vault maps discovered:
D:1:      dpeg_arrival_leaves_temple_mockup, layout_loops_corners, st_stairs_3
D:2:      layout_loops_ring, nemelex_xobeh_ov_fountains_minmay, first_ration,
          dk_vineyard_2, serial_park_tiny_pond
D:3:      layout_basic, overflow_temple_1_default
D:4:      layout_loops_cross, temple_fountains, portal_sewer_entry_a,
          grunt_gozag_statues
Sewer:    sewer_big_baddie

Skill      XL: |  1  2  3  4  5  6 |
---------------+-------------------+-----
Short Blades   | 2 3 |  3.0
Hexes          | 5 |  5.1
Spellcasting   | 3 |  3.9
Conjurations   | 1 2 |  2.0
Invocations    | 1 |  1.4
Dodging        | |  2.1
Stealth        | |  4.4

Action                   |  1- 3 |  4- 6 || total
-------------------------+-------+-------++-------
Melee: Dagger            |    86 |   120 ||   206
       Bite              |     5 |    14 ||    19
 Cast: Corona            |    19 |     5 ||    24
       Confuse           |     2 |    13 ||    15
       Tukima's Dance    |       |     3 ||     3
 Abil: Exsanguinate      |     1 |     1 ||     2
       Revivify          |       |     1 ||     1
  Use: Potion            |       |     3 ||     3
 Stab: Sleeping          |    17 |    13 ||    30
       Confused          |       |     1 ||     1
Armor: Robe              |    13 |    30 ||    43
Dodge: Dodged            |    51 |    98 ||   149
